 Dungeon Crawl Stone Soup version 0.28.0-45-g0d030f2227 (webtiles) character file.

Game seed: 10399805271244296623

37868 DearestLeader the Blocker (level 13, 0/106 HPs)
             Began as a Gnoll Fighter on Apr 4, 2022.
             Was a High Priest of Okawaru.
             Slain by a nine-headed hydra (12 damage)
             ... on level 3 of the Lair of Beasts.
             The game lasted 00:30:54 (15175 turns).

DearestLeader the Blocker (Gnoll Fighter)          Turns: 15175, Time: 00:30:55

Health: 0/106      AC: 16    Str: 21    XL:     13   Next: 99%
Magic:  0/25       EV: 17    Int:  7    God:    Okawaru [*****.]
Gold:   385        SH: 18    Dex: 14    Spells: 23/29 levels left

rFire   + . .      SeeInvis .   N - +5 spear (flame)
rCold   . . .      Faith    .   n - +0 kite shield
rNeg    . . .      Spirit   +   f - +0 acid dragon scales
rPois   +          Reflect  .   h - +2 hat
rElec   .          Harm     .   (no cloak)
rCorr   +          Rampage  .   (no gloves)
Will    .....                   y - +2 pair of boots
Stlth   ++++++....              o - amulet of guardian spirit
HPRegen 0.27/turn               m - ring of protection from fire
MPRegen 0.19/turn               I - ring of poison resistance

@: heroic, finesse-ful
A: fangs 1, strong nose, distributed training, large bone plates 1, thin
skeletal structure 1, MP-powered wands
a: Renounce Religion, Heroism, Finesse, Duel


You were on level 3 of the Lair of Beasts.
You worshipped Okawaru.
Okawaru was extremely pleased with you.
You visited 3 branches of the dungeon, and saw 14 of its levels.
You also visited: Bailey.

You collected 682 gold pieces.
You spent 297 gold pieces at shops.

Inventory:

Hand Weapons
 s - the +4 war axe "Spiderbane" {spect, rN+ Will+ rCorr}
   (Okawaru gifted it to you on level 3 of the Lair of Beasts)

   When its wielder attacks, the weapon's spirit leaps out and strikes again.
   The spirit shares a part of any damage it takes with its wielder.
   rN:        It protects you from negative energy.
   rCorr:     It protects you from acid and corrosion.
   Will:      It increases your willpower.
 A - a +9 broad axe of venom
 N - a +5 spear of flaming (weapon)
 R - the +9 hand crossbow of Gehenna {freeze, Dex+2}
   (You found it on level 2 of the Lair of Beasts)

   Any ammunition fired from it freezes those it strikes, dealing additional
   cold damage.
   It can also slow down cold-blooded creatures.
   Dex:       It affects your dexterity (+2).
Missiles
 g - 4 silver javelins (quivered)
 q - 15 poisoned darts
 O - 2 curare-tipped darts
 T - 48 bolts
Armour
 c - a +0 buckler
 f - +0 acid dragon scales (worn)
 h - a +2 hat (worn)
 n - a +0 kite shield (worn)
 y - a +2 pair of boots (worn)
Jewellery
 m - a ring of protection from fire (left hand)
 o - an amulet of guardian spirit (around neck)
 u - a ring of willpower
 I - a ring of poison resistance (right hand)
 J - a +6 ring of intelligence
 V - a ring of flight
Wands
 a - a wand of paralysis (4)
 e - a wand of digging (12)
 t - a wand of flame (21)
 x - a wand of polymorph (14)
 B - a wand of mindburst (9)
 K - a wand of iceblast (6)
 P - a wand of acid (7)
Scrolls
 b - 2 scrolls of teleportation
 d - a scroll of vulnerability
 l - a scroll of fog
 p - a scroll of enchant armour
 Q - a scroll of holy word
Potions
 i - 2 potions of lignification
 j - 2 potions of cancellation
 k - 3 potions of magic
 r - 3 potions of mutation
 v - 5 potions of haste
 w - 4 potions of heal wounds
 z - a potion of attraction
 C - a potion of resistance
 D - 2 potions of berserk rage
 H - a potion of flight
 L - a potion of curing
 M - 2 potions of brilliance {unknown}
Miscellaneous
 E - a phantom mirror
 F - a phantom mirror
 G - a phantom mirror


   Skills:
 + Level 11.0(16.0) Fighting
 + Level 8.9(13.9) Short Blades
 + Level 8.9(13.9) Long Blades
 + Level 10.0(15.0) Axes
 + Level 8.9(13.9) Maces & Flails
 + Level 8.9(13.9) Polearms
 + Level 8.9(13.9) Staves
 + Level 8.9(13.9) Slings
 + Level 8.9(13.9) Bows
 + Level 8.9(13.9) Crossbows
 + Level 8.9(13.9) Throwing
 + Level 11.0(16.0) Armour
 + Level 8.9(13.9) Dodging
 + Level 8.9(13.9) Stealth
 + Level 11.0(16.0) Shields
 + Level 8.9(13.9) Unarmed Combat
 + Level 8.9 Spellcasting
 + Level 7.4 Conjurations
 + Level 7.4 Hexes
 + Level 7.4 Summonings
 + Level 7.4 Necromancy
 + Level 7.4 Translocations
 + Level 7.4 Transmutations
 + Level 7.4 Fire Magic
 + Level 7.4 Ice Magic
 + Level 7.4 Air Magic
 + Level 7.4 Earth Magic
 + Level 7.4 Poison Magic
 + Level 9.7 Invocations
 + Level 8.9 Evocations


You had 23 spell levels left.
You knew the following spells:

 Your Spells              Type           Power      Damage    Failure   Level
a - Searing Ray           Conj           26%        2d5       2%          2
b - Fulminant Prism       Conj/Hex       6%         3d7       19%         4

Your spell library contained the following spells:

 Spells                   Type           Power      Damage    Failure   Level
 Magic Dart               Conj           52%        1d5       1%          1
 Corpse Rot               Necr/Air       26%        N/A       2%          2
 Poisonous Vapours        Pois/Air       26%        N/A       2%          2
 Sublimation of Blood     Necr           13%        N/A       2%          2
 Wereblood                Tmut           13%        N/A       2%          2
 Portal Projectile        Hex/Tloc       26%        N/A       5%          3
 Stone Arrow              Conj/Erth      26%        3d8       5%          3
 Iskenderun's Mystic Bla  Conj/Tloc      13%        2d5       19%         4
 Petrify                  Tmut/Erth      13%        N/A       19%         4
 Alistair's Intoxication  Tmut/Pois      8%         N/A       45%         5
 Blade Hands              Tmut           6%         N/A       45%         5
 Borgnjor's Vile Clutch   Necr/Erth      6%         N/A       45%         5
 Excruciating Wounds      Necr           6%         N/A       45%         5
 Lee's Rapid Deconstruct  Erth           6%         3d7*      45%         5
 Metabolic Englaciation   Hex/Ice        6%         N/A       45%         5
 Eringya's Noxious Bog    Tmut/Pois      6%         N/A       95%         6
 Statue Form              Tmut/Erth      8%         N/A       95%         6
 Lehudib's Crystal Spear  Conj/Erth      6%         10d3      100%        8
 Animate Armour           Summ/Erth      Unusable   N/A       N/A         4
 Summon Hydra             Summ           Unusable   N/A       N/A         7

Dungeon Overview and Level Annotations

Branches:
Dungeon (10/15)            Temple (1/1) D:6            Lair (2/6) D:9
 Spider (0/4) Lair:3       Bailey (visited)
  Swamp: Lair:2-4    Shoals: Lair:2-4       Orc: D:9-12

Altars:
Ashenzari
Dithmenos
Elyvilon
Hepliaklqana
Nemelex Xobeh
Okawaru
Sif Muna
Trog
Vehumet
Wu Jian
Xom
Yredelemnul
The Shining One

Shops:
D:2 (   D:6 !   D:9 (   D:10 !=

Portals:
Trove: D:10 (give +4 storm dragon scales)

Annotations:
D:6 2 runed translucent doors, CInkIbrahim's ghost, novice GrMo


Innate Abilities, Weirdness & Mutations

You have very sharp teeth.
Your uncanny sense of smell can sniff out nearby items.
Your experience applies equally to all skills.
You are partially covered in large bone plates. (SH +4)
You have a somewhat thin skeletal structure. (Dex +2, Stealth+)
You expend magic power (3 MP) to strengthen your wands.


Message History

The nine-headed hydra bites you but does no damage.
The nine-headed hydra misses you. The nine-headed hydra bites you!
* * * LOW HITPOINT WARNING * * *
The nine-headed hydra completely misses you.
You block the nine-headed hydra's attack. x2
The nine-headed hydra completely misses you.
Your +5 spear of flaming bursts into flame!
N - a +5 spear of flaming (weapon)
You puncture the nine-headed hydra! You burn the nine-headed hydra.
You bite the nine-headed hydra.
The nine-headed hydra is lightly wounded.
The nine-headed hydra misses you. x2
You block the nine-headed hydra's attack. x2
The nine-headed hydra completely misses you.
The nine-headed hydra closely misses you.
The nine-headed hydra bites you but does no damage.
The nine-headed hydra barely misses you.
The nine-headed hydra misses you.
You puncture the nine-headed hydra! You burn the nine-headed hydra.
The nine-headed hydra is moderately wounded.
You puncture the nine-headed hydra! You burn the nine-headed hydra.
The nine-headed hydra is heavily wounded.
You hit the nine-headed hydra. You burn the nine-headed hydra.
The nine-headed hydra is severely wounded.
The nine-headed hydra bites you.
* * * LOW HITPOINT WARNING * * *
The nine-headed hydra completely misses you.
You block the nine-headed hydra's attack.
The nine-headed hydra barely misses you.
The nine-headed hydra bites you.
* * * LOW HITPOINT WARNING * * *
You block the nine-headed hydra's attack.
The nine-headed hydra bites you but does no damage.
The nine-headed hydra bites you!
* * * LOW HITPOINT WARNING * * *
The nine-headed hydra bites you but does no damage.
The nine-headed hydra evades a web.
You block the nine-headed hydra's attack. x2
The nine-headed hydra bites you!
You die...

#####.########## .P.##
.^....##...#.#.#####....#
..##...................###
.P#..#######.....#........
......# ####.#......^.....
.....####.>....^^^..^^^...
###..[.............^..^^..
#
#รทรท#...#..P...D^^^^....#
##.####..P...^@..^^....#
#..###..#.....^.>..^...
####..##....#...^^...^....
#.##..##.#.....^.^..^^...#
...............^...^^..^..
.#.#..####.#...^^......^..
......# ####?...^(..[..
###...# #.....#P.##. #
##..# #.##.#####


You could see a nine-headed hydra.

Vanquished Creatures
  A hydra (Lair:1)
  A boulder beetle (D:9)
  2 centaur warriors (D:9)
  A catoblepas (D:9)
  6 death yaks (Lair:2)
  A tengu warrior (D:9)
  Sonja (Lair:1)
  Nergalle (Lair:3)
  A deep elf pyromancer (D:9)
  3 orc knights (Bailey)
  A manticore (D:9)
  A black mamba (Lair:3)
  4 elephants (Lair:3)
  A torpor snail (Lair:3)
  A guardian serpent (shapeshifter) (D:9)
  3 cane toads
  A komodo dragon (Lair:3)
  A rime drake (Lair:3)
  2 trolls
  A hornet (D:8)
  3 slime creatures (D:9)
  6 blink frogs (Lair:2)
  A shadow (D:10)
  3 wyverns
  22 yaks
  A vampire (D:9)
  A steam dragon (D:8)
  3 basilisks
  An acid dragon (D:8)
  10 water moccasins
  Duvessa (D:6)
  13 orc warriors
  2 black bears
  2 ice beasts
  3 ogres
  6 centaurs
  32 wolves
  14 bullfrogs
  3 gnoll sergeants
  5 scorpions
  Dowan (D:6)
  A water moccasin skeleton (D:4)
  5 killer bees
  4 wights (D:10)
  2 howler monkeys (D:9)
  3 electric eels (Lair:2)
  4 centaur zombies
  2 hounds
  4 jellies
  5 orc priests
  A centaur skeleton (D:7)
  A bullfrog skeleton (D:7)
  2 iguanas
  7 orc wizards
  A howler monkey zombie (D:9)
  10 gnolls
  6 adders
  A white imp (D:5)
  An ufetubus (D:5)
  2 adder skeletons
  2 worms (D:3)
  3 dart slugs
  37 orcs
  6 ball pythons
  17 endoplasms
  5 giant cockroaches
  12 goblins
  3 hobgoblins
  10 jackals
  16 kobolds
  3 quokkas
  7 bats
  3 frilled lizards
  7 rats
360 creatures vanquished.

Vanquished Creatures (others)
  A fulminant prism (Lair:1)
  69 fungi
  90 plants
  5 toadstools (D:3)
165 creatures vanquished.

Grand Total: 525 creatures vanquished

Notes
Turn   | Place    | Note
-------+----------+-------------------------------------------
     0 | D:1      | DearestLeader the Gnoll Fighter began the quest for the
                  | Orb.
     0 | D:1      | Reached XP level 1. HP: 23/23 MP: 1/1
   102 | D:1      | Reached XP level 2. HP: 29/29 MP: 2/2
   114 | D:1      | Found a faded altar of an unknown god.
   356 | D:1      | Reached XP level 3. HP: 34/35 MP: 3/3
   600 | D:2      | Reached skill level 1 in Invocations
   732 | D:2      | Reached skill level 1 in Short Blades
   732 | D:2      | Reached skill level 1 in Long Blades
   732 | D:2      | Reached skill level 1 in Maces & Flails
   732 | D:2      | Reached skill level 1 in Polearms
   732 | D:2      | Reached skill level 1 in Staves
   732 | D:2      | Reached skill level 1 in Slings
   732 | D:2      | Reached skill level 1 in Bows
   732 | D:2      | Reached skill level 1 in Crossbows
   732 | D:2      | Reached skill level 1 in Throwing
   732 | D:2      | Reached skill level 1 in Dodging
   732 | D:2      | Reached skill level 1 in Stealth
   732 | D:2      | Reached skill level 1 in Unarmed Combat
   732 | D:2      | Reached skill level 1 in Spellcasting
   732 | D:2      | Reached skill level 1 in Evocations
   760 | D:2      | Reached XP level 4. HP: 41/41 MP: 5/5
   932 | D:2      | Found Xeolut's Weapon Shop.
  1182 | D:3      | Reached skill level 1 in Conjurations
  1182 | D:3      | Reached skill level 1 in Hexes
  1182 | D:3      | Reached skill level 1 in Summonings
  1182 | D:3      | Reached skill level 1 in Necromancy
  1182 | D:3      | Reached skill level 1 in Translocations
  1182 | D:3      | Reached skill level 1 in Transmutations
  1182 | D:3      | Reached skill level 1 in Fire Magic
  1182 | D:3      | Reached skill level 1 in Ice Magic
  1182 | D:3      | Reached skill level 1 in Air Magic
  1182 | D:3      | Reached skill level 1 in Earth Magic
  1182 | D:3      | Reached skill level 1 in Poison Magic
  1323 | D:3      | Reached XP level 5. HP: 40/47 MP: 3/6
  1903 | D:3      | Found a sparkling altar of Nemelex Xobeh.
  2008 | D:3      | Reached XP level 6. HP: 51/53 MP: 6/8
  2328 | D:4      | Reached skill level 5 in Axes
  2584 | D:4      | Reached XP level 7. HP: 53/59 MP: 8/10
  2785 | D:5      | Entered Level 5 of the Dungeon
  3153 | D:2      | Bought a +2 broad axe of venom for 201 gold pieces
  3843 | D:6      | Found Jateefur's Distillery.
  3848 | D:6      | Bought a potion of curing for 36 gold pieces
  3931 | D:6      | Reached XP level 8. HP: 67/67 MP: 12/12
  4458 | D:6      | Found a large runed translucent door.
  4458 | D:6      | Found a large runed translucent door.
  4482 | D:6      | Found a staircase to the Ecumenical Temple.
  4499 | Temple   | Entered the Ecumenical Temple
  4649 | Temple   | Became a worshipper of Warmaster Okawaru
  5135 | D:6      | Noticed Duvessa
  5135 | D:6      | Noticed Dowan
  5140 | D:6      | Killed Duvessa
  5141 | D:6      | Killed Dowan
  5394 | D:6      | Noticed CInkIbrahim's ghost (novice GrMo)
  5755 | D:7      | Reached XP level 9. HP: 72/72 MP: 12/14
  5857 | D:7      | Reached * piety under Okawaru
  6781 | D:8      | Found a flagged portal.
  6802 | Bailey   | Entered a bailey
  7212 | Bailey   | Reached skill level 5 in Conjurations
  7212 | Bailey   | Reached skill level 5 in Hexes
  7212 | Bailey   | Reached skill level 5 in Summonings
  7212 | Bailey   | Reached skill level 5 in Necromancy
  7212 | Bailey   | Reached skill level 5 in Translocations
  7212 | Bailey   | Reached skill level 5 in Transmutations
  7212 | Bailey   | Reached skill level 5 in Fire Magic
  7212 | Bailey   | Reached skill level 5 in Ice Magic
  7212 | Bailey   | Reached skill level 5 in Air Magic
  7212 | Bailey   | Reached skill level 5 in Earth Magic
  7212 | Bailey   | Reached skill level 5 in Poison Magic
  7212 | Bailey   | Reached XP level 10. HP: 83/83 MP: 15/19
  7243 | Bailey   | Reached XP level 11. HP: 89/89 MP: 19/21
  7256 | Bailey   | Noticed an orc knight
  7283 | Bailey   | Killed an orc knight
  7283 | Bailey   | Reached ** piety under Okawaru
  7321 | Bailey   | Noticed an orc knight
  7342 | Bailey   | Killed an orc knight
  7620 | Bailey   | Noticed an orc knight
  7625 | Bailey   | Killed an orc knight
  7769 | D:8      | Gained mutation: You have a somewhat thin skeletal
                  | structure. (Dex +2, Stealth+) [potion of mutation]
  7769 | D:8      | Gained mutation: You expend magic power (3 MP) to
                  | strengthen your wands. [potion of mutation]
  7769 | D:8      | Gained mutation: You are partially covered in large bone
                  | plates. (SH +4) [potion of mutation]
  7776 | D:8      | Reached XP level 12. HP: 31/97 MP: 15/22
  8548 | D:9      | Noticed a tengu warrior
  8549 | D:9      | Noticed a boulder beetle
  8549 | D:9      | Noticed a centaur warrior
  8549 | D:9      | Noticed a centaur warrior
  8558 | D:9      | Reached *** piety under Okawaru
  8560 | D:9      | Killed a centaur warrior
  8560 | D:9      | Received a gift from Okawaru
  8571 | D:9      | Found Dyjianew's Antique Weapon Shop.
  8573 | D:9      | Killed a tengu warrior
  8573 | D:9      | Received a gift from Okawaru
  8966 | D:9      | Identified the +5 ring mail of the Lute {Rampage rCorr}
  8989 | D:9      | Killed a centaur warrior
  8989 | D:9      | Reached **** piety under Okawaru
  8990 | D:9      | Reached skill level 10 in Fighting
  8990 | D:9      | Reached skill level 10 in Armour
  8990 | D:9      | Reached skill level 10 in Shields
  9588 | D:9      | Found a staircase to the Lair.
  9962 | D:9      | Killed a boulder beetle
 10246 | D:9      | Noticed a catoblepas
 10276 | D:9      | Killed a catoblepas
 10502 | D:9      | Reached ***** piety under Okawaru
 10894 | Lair:1   | Entered Level 1 of the Lair of Beasts
 10898 | Lair:1   | Received a gift from Okawaru
 10926 | Lair:1   | Identified the +2 leather armour of Xozxis {rC+ Dex+5}
 11011 | Lair:1   | Received a gift from Okawaru
 11017 | Lair:1   | Noticed a seven-headed hydra
 11323 | D:10     | Entered Level 10 of the Dungeon
 11323 | D:10     | Found Zioxty's Jewellery Shop.
 11527 | D:10     | Reached XP level 13. HP: 59/104 MP: 13/25
 11710 | D:10     | Found Varerchel's Distillery.
 11713 | D:10     | Bought a potion of heal wounds for 60 gold pieces
 12087 | D:10     | Found a portal to a secret trove of treasure.
 12392 | Lair:1   | Learned a level 2 spell: Searing Ray
 12397 | Lair:1   | Learned a level 4 spell: Fulminant Prism
 12940 | Lair:1   | Noticed Sonja
 12953 | Lair:1   | Killed Sonja
 12953 | Lair:1   | Received a gift from Okawaru
 13374 | Lair:2   | Received a gift from Okawaru
 13856 | Lair:2   | Identified the +9 hand crossbow of Gehenna {freeze, Dex+2}
 13938 | Lair:2   | Received a gift from Okawaru
 14732 | Lair:2   | You fall into a shaft and drop 1 floor!
 14766 | Lair:3   | Found a hole to the Spider Nest.
 14889 | Lair:3   | Identified the +4 war axe "Spiderbane" {spect, rN+ Will+
                  | rCorr} (Okawaru gifted it to you on level 3 of the Lair of
                  | Beasts)
 14889 | Lair:3   | Received a gift from Okawaru
 14894 | Lair:3   | Reached skill level 10 in Axes
 15058 | Lair:3   | Noticed Nergalle
 15065 | Lair:3   | Killed Nergalle
 15175 | Lair:3   | Slain by a nine-headed hydra

Illustrated notes

Levels and vault maps discovered:
D:1:      dpeg_arrival_ratfight, layout_rooms, ebering_ecumenical_altar_hall
D:2:      layout_rooms, serial_shops, nicolae_shop_bloodbath_and_beyond
D:3:      cheibrodos_fertilizer, layout_loops_ring, nemelex_dance_club_becter
D:4:      layout_gridville
D:5:      layout_gridville
D:6:      layout_basic, minmay_temple_entry_drinking_statues,
          ebering_ghost_disaster_area, serial_shops, shop,
          minmay_misc_feat_secret_circle, uniq_duvessa
D:7:      layout_gridville
D:8:      layout_rooms, enter_bailey_3
D:9:      minmay_the_grid_net [minmay_the_grid_pillar_ring,
          minmay_the_grid_broken_lines, minmay_the_grid_empty,
          minmay_the_grid_paths, minmay_the_grid_mess,
          minmay_the_grid_prize_trominoes], layout_loops_corners,
          due_lair_maze_entry_diamond, serial_shops, nicolae_shop_statue_plus,
          minmay_misc_feat_plants
D:10:     layout_irregular_city, serial_shops, kennysheep_mini_moat,
          nicolae_stop_n_shop_1, enter_trove_2
Temple:   mainiacjoe_temple_hex_bubbles
Lair:1:   layout_hall_layers, amcnicky_mini_pool_medium, lemuel_fruit_fields,
          uniq_sonja
Lair:2:   layout_cave_pods, grunt_megastairs_3, serial_bayou_shore_a,
          lemuel_fruit_tree, infiniplex_staircase_pool_2
Lair:3:   layout_loops_ring, palyth_hydra_swamp_entry,
          spider_nest_entry_web_field, uniq_nergalle

Skill      XL: |  1  2  3  4  5  6  7  8  9 10 11 12 13 |
---------------+----------------------------------------+-----
Invocations    | 1 2 3 4 6 7 8 9 |  9.7
Short Blades   | 1 2 3 6 7 8 |  8.9
Long Blades    | 1 2 3 6 7 8 |  8.9
Maces & Flails | 1 2 3 6 7 8 |  8.9
Polearms       | 1 2 3 6 7 8 |  8.9
Staves         | 1 2 3 6 7 8 |  8.9
Slings         | 1 2 3 6 7 8 |  8.9
Bows           | 1 2 3 6 7 8 |  8.9
Crossbows      | 1 2 3 6 7 8 |  8.9
Throwing       | 1 2 3 6 7 8 |  8.9
Dodging        | 1 2 3 6 7 8 |  8.9
Stealth        | 1 2 3 6 7 8 |  8.9
Unarmed Combat | 1 2 3 6 7 8 |  8.9
Spellcasting   | 1 2 3 6 7 8 |  8.9
Evocations     | 1 2 3 6 7 8 |  8.9
Conjurations   | 1 2 3 5 6 7 |  7.4
Hexes          | 1 2 3 5 6 7 |  7.4
Summonings     | 1 2 3 5 6 7 |  7.4
Necromancy     | 1 2 3 5 6 7 |  7.4
Translocations | 1 2 3 5 6 7 |  7.4
Transmutations | 1 2 3 5 6 7 |  7.4
Fire Magic     | 1 2 3 5 6 7 |  7.4
Ice Magic      | 1 2 3 5 6 7 |  7.4
Air Magic      | 1 2 3 5 6 7 |  7.4
Earth Magic    | 1 2 3 5 6 7 |  7.4
Poison Magic   | 1 2 3 5 6 7 |  7.4
Axes           | 5 6 7 8 9 10 | 10.0
Fighting       | 7 9 10 11 | 11.0
Armour         | 7 9 10 11 | 11.0
Shields        | 7 9 10 11 | 11.0

Action                   |  1- 3 |  4- 6 |  7- 9 | 10-12 | 13-15 || total
-------------------------+-------+-------+-------+-------+-------++-------
Melee: Hand axe          |   101 |   146 |    29 |       |       ||   276
       War axe           |     2 |       |       |       |    20 ||    22
       Bite              |    10 |    15 |    22 |    24 |    34 ||   105
       Broad axe         |       |       |   172 |   217 |   214 ||   603
       Spear             |       |       |       |       |     4 ||     4
 Fire: Hand crossbow     |       |       |       |       |    16 ||    16
Throw: Dart              |       |       |       |     4 |       ||     4
 Cast: Fulminant Prism   |       |       |       |       |     1 ||     1
       Searing Ray       |       |       |       |       |     1 ||     1
Invok: Heroism           |       |       |       |       |     3 ||     3
       Finesse           |       |       |       |       |     3 ||     3
Evoke: Wand              |       |       |     1 |    17 |     1 ||    19
  Use: Potion            |       |     1 |     2 |    11 |       ||    14
       Scroll            |       |       |    12 |    12 |     3 ||    27
 Stab: Sleeping          |       |       |       |     3 |     8 ||    11
       Distracted        |       |       |       |     1 |     2 ||     3
Armor: Scale mail        |    40 |    48 |   124 |    13 |       ||   225
       Acid dragon scale |       |       |       |    86 |   115 ||   201
Dodge: Dodged            |    38 |    53 |   136 |   146 |   193 ||   566
Block: Buckler           |    29 |    40 |    68 |   164 |   130 ||   431
       Kite shield       |       |       |       |       |   101 ||   101
